 Dungeon Crawl Stone Soup version 0.19-a0-1153-g63c3caf (webtiles) character file.

58 AlphabetPasta the Chiller (level 3, -4/31 HPs)
             Began as a Troll Ice Elementalist on Aug 12, 2016.
             Slain by a gnoll (8 damage)
             ... on level 2 of the Dungeon on Aug 13, 2016.
             The game lasted 00:05:12 (1084 turns).

AlphabetPasta the Chiller (Troll Ice Elementalist)  Turns: 1084, Time: 00:05:12

Health: -4/31      AC:  5    Str: 16    XL:     3   Next: 76%
Magic:  3/4        EV: 10    Int: 12    God:
Gold:   113        SH:  0    Dex: 10    Spells: 2 memorised, 2 levels left

rFire  . . .     SeeInvis .       - Unarmed
rCold  . . .     Gourm    +     a - +0 robe
rNeg   . . .     Faith    .     (no shield)
rPois  .         Spirit   .     (helmet restricted)
rElec  .         Dismiss  .     (no cloak)
rCorr  .         Reflect  .     (gloves unavailable)
MR     .....     Harm     .     (boots unavailable)
Stlth  +.........               (no amulet)
                                (no ring)
                                (no ring)

@: very slightly contaminated
A: unfitting armour, claws 3, fast metabolism 3, gourmand, regeneration 2,
shaggy fur 1, tough skin 2
a: no special abilities


You were on level 2 of the Dungeon.
You were very full.

You visited 1 branch of the dungeon, and saw 3 of its levels.

You collected 113 gold pieces.

Inventory:

Armour
 a - a +0 robe (worn)
Scrolls
 e - 3 scrolls of identify {unknown}
 f - a scroll of immolation {unknown}
 g - 2 scrolls of enchant weapon {unknown}
 k - 2 scrolls of remove curse {unknown}
 l - a scroll of fog {unknown}
Potions
 d - 5 potions of heal wounds {unknown}
 h - a potion of curing {unknown}
Books
 b - a book of Frost

   Spells                             Type                      Level
   a - Freeze                         Ice                          1
   b - Throw Frost                    Conjuration/Ice              2
   c - Ozocubu's Armour               Charms/Ice                   3
   d - Throw Icicle                   Conjuration/Ice              4
   e - Summon Ice Beast               Ice/Summoning                4
Comestibles
 c - 3 bread rations
 j - 2 royal jellies
 m - a meat ration


   Skills:
 - Level 1.5 Dodging
 - Level 1.1 Stealth
 + Level 1.5 Unarmed Combat
 + Level 1.5 Spellcasting
 - Level 0.6 Conjurations
 * Level 3.0 Ice Magic


You had 2 spell levels left.
You knew the following spells:

 Your Spells              Type           Power        Failure   Level  Hunger
a - Freeze                Ice            #...         12%         1    ##.....
b - Throw Frost           Conj/Ice       #.....       21%         2    ###....


Dungeon Overview and Level Annotations

Branches:
Dungeon (3/15)

Altars:
Vehumet


Innate Abilities, Weirdness & Mutations

You are too large for most types of armour.
You have claws for hands.
Your metabolism is lightning-fast.
You like to eat raw meat.
You heal very quickly.
You are covered in fur. (AC +1)
You have very tough skin. (AC +2)


Message History

The gnoll hits you! The gnoll hits you! The gnoll closely misses you.
Cast which spell? (? or * to list)
Aiming: Freeze
Press: ? - help, Shift-Dir - straight line, f - gnoll
Aim: a gnoll, wielding a flail You miscast Freeze.
You are very lightly contaminated with residual magic.
Nothing appears to happen.
The gnoll barely misses you.
You scratch the gnoll.
The gnoll is moderately wounded.
The gnoll hits you with a flail!
* * * LOW HITPOINT WARNING * * *
You completely miss the gnoll.
The gnoll is moderately wounded.
The gnoll hits you but does no damage. The gnoll barely misses you.
The gnoll hits you!
You die...

######....>.....#.>.....####..###
...############.#.##.....##..##
##......#######...##.#......##
.######......)............###
..#########............#..###
#...........#####.#..#......####
######.....#....^.#.####..#....##
.####...............####.#####...
................@g.#........###..
.#...............g..........# #..
.#.................#........# ##.
............................# ##.
.###...............#........# #..
.# #...............#####.#### #..
.# ##.............## #.######..
.# ##.....#.....## #......... ##
############# ######.#..


You could see 2 gnolls.

Vanquished Creatures
  2 adders (D:2)
  3 dart slugs (D:1)
  A worm (D:2)
  2 giant geckos (D:2)
  2 bats
  3 giant cockroaches (D:1)
  5 goblins
  3 hobgoblins (D:1)
  A giant newt (D:2)
  4 kobolds
  5 rats
31 creatures vanquished.

Notes
Turn   | Place    | Note
-------+----------+-------------------------------------------
     0 | D:1      | AlphabetPasta the Troll Ice Elementalist began the quest for the Orb.
     0 | D:1      | Reached XP level 1. HP: 16/16 MP: 1/1
     4 | D:1      | Upgraded the game from 0.19-a0-1132-g9ec05d1 to 0.19-a0-1153-g63c3caf
   199 | D:1      | Reached XP level 2. HP: 24/24 MP: 2/2
   209 | D:1      | Learned a level 2 spell: Throw Frost
   403 | D:1      | Reached skill level 1 in Unarmed Combat
   640 | D:2      | Reached XP level 3. HP: 29/31 MP: 4/4
   777 | D:2      | Found a radiant altar of Vehumet.
   907 | D:2      | Reached skill level 3 in Ice Magic
  1084 | D:2      | Slain by a gnoll

Vault maps used:
D:1:      lemuel_arrival_hallway
D:2:      vehumet_crystals
D:3:      uniq_natasha, uniq_crazy_yiuf_cottage, uniq_sigmund, uniq_iyjb,
          uniq_jessica

Skill      XL: |  1  2  3 |
---------------+----------+-----
Unarmed Combat | 1 |  1.5
Ice Magic      | 3 |  3.0
Dodging        | |  1.5
Stealth        | |  1.1
Spellcasting   | |  1.5
Conjurations   | |  0.6

Action                   || total
-------------------------++-------
Melee: Unarmed           ||   110
 Stab: Sleeping          ||     1
  Eat: Chunk             ||    15
Armor: Robe              ||    30
Dodge: Dodged            ||    48
